 Dungeon Crawl Stone Soup version 0.25-a0-566-g062765be81 (webtiles) character file.

Game seed: 5288276472407961957, levelgen mode: deterministic

73 Varamon101 the Poker (level 4, -4/35 HPs)
             Began as a Human Berserker on Feb 28, 2020.
             Was an Initiate of Dithmenos.
             Slain by an iguana (7 damage)
             ... on level 4 of the Dungeon.
             The game lasted 00:18:00 (2275 turns).

Varamon101 the Poker (Human Berserker)              Turns: 2275, Time: 00:18:00

Health: -4/35      AC:  5    Str: 19    XL:     4   Next: 51%
Magic:  4/4        EV: 11    Int:  7    God:    Dithmenos [......]
Gold:   152        SH:  0    Dex: 12    Spells: 3/3 levels left

rFire    . . .     SeeInvis .   a - +0 spear
rCold    . . .     Gourm    .   (no shield)
rNeg     . . .     Faith    .   e - +0 ring mail
rPois    .         Spirit   .   (no helmet)
rElec    .         Reflect  .   (no cloak)
rCorr    .         Harm     .   (no gloves)
MR       .....                  (no boots)
Stlth    +.........             (no amulet)
HPRegen  0.11/turn              (no ring)
MPRegen  0.09/turn              (no ring)

@: no status effects
A: no striking features
a: Renounce Religion


You were on level 4 of the Dungeon.
You worshipped Dithmenos.
Dithmenos was noncommittal.
You were hungry.

You visited 1 branch of the dungeon, and saw 4 of its levels.

You collected 152 gold pieces.

Inventory:

Hand Weapons
 a - a +0 spear (weapon)
 d - a +0 dagger
Missiles
 f - 10 bolts
Armour
 b - a +0 animal skin
 e - a +0 ring mail (worn)
Jewellery
 i - an uncursed ring of see invisible {unknown}
 k - an uncursed ring of protection from magic {unknown}
 r - an uncursed ring of wizardry {unknown}
Scrolls
 g - 2 scrolls of fog {unknown}
 m - a scroll of enchant armour {unknown}
 n - a scroll of remove curse {unknown}
 p - a scroll of fear {unknown}
 q - a scroll of immolation {unknown}
Potions
 h - 2 potions of cancellation {unknown}
 j - a potion of curing {unknown}
 l - a potion of haste {unknown}
 o - a potion of brilliance {unknown}
Comestibles
 c - 4 rations


   Skills:
 + Level 3.5 Fighting
 + Level 3.9 Polearms
 + Level 2.5 Armour
 + Level 2.3 Dodging
 + Level 0.5 Stealth


You had 3 spell levels left.
You didn't know any spells.
Your spell library was empty.

Dungeon Overview and Level Annotations

Branches:
Dungeon (4/15)
 Temple: D:4-7

Altars:
Dithmenos
Xom


Message History

The iguana bites you but does no damage.
You hit the iguana.
The iguana is heavily wounded.
The iguana closely misses you.
You closely miss the iguana.
The iguana is heavily wounded.
The iguana barely misses you.
You hit the iguana but do no damage.
The iguana is heavily wounded.
The iguana bites you!
You hit the iguana but do no damage.
The iguana is heavily wounded.
The iguana bites you!
* * * LOW HITPOINT WARNING * * *
You barely miss the iguana.
The iguana is heavily wounded.
You hit the iguana.
The iguana is severely wounded.
The iguana bites you!
You die...

##. #.#.# #.
#.####...##...# ..
............# #.
#..###...##.#####. ##
#[.####.###....... ..
#............#..#. #.
#..####..<...#....
#.###..####.###..##.#.
###....@...........##...
#.....l..####.###.......
#.###.#..# #.###....###
#.#######.#......#
#.......l........#
############.#...#
....s.......###..#
############ ....
....... ##...


You could see an iguana.

Vanquished Creatures
  3 adders (D:2)
  3 worms
  2 orcs (D:3)
  6 bats
  A giant cockroach (D:1)
  2 goblins (D:1)
  4 hobgoblins
  A ball python (D:3)
  4 frilled lizards
  6 kobolds
  9 rats
41 creatures vanquished.

Notes
Turn   | Place    | Note
-------+----------+-------------------------------------------
     0 | D:1      | Varamon101 the Human Berserker began the quest for the Orb.
     0 | D:1      | Reached XP level 1. HP: 18/18 MP: 1/1
    98 | D:1      | Reached XP level 2. HP: 24/24 MP: 2/2
   622 | D:2      | Reached XP level 3. HP: 22/29 MP: 3/3
  1128 | D:2      | Reached ** piety under Trog
  1222 | D:2      | Reached XP level 4. HP: 30/35 MP: 4/4
  1266 | D:2      | Found a shadowy altar of Dithmenos.
  1289 | D:2      | Fell from the grace of Trog
  1289 | D:2      | Became a worshipper of Dithmenos the Shadowed
  1381 | D:3      | Found a shimmering altar of Xom.
  1403 | D:3      | Found a faded altar of an unknown god.
  2275 | D:4      | Slain by an iguana

Levels and vault maps discovered:
D:1:      wheals_arrival_shading, layout_rooms, chequers_serial_rivers_room_a,
          minmay_tromino_v4_b
D:2:      layout_loops_ring, lemuel_round_altar
D:3:      minmay_wonky_spiral, layout_basic, xom_teletrap_fun,
          chequers_ecumenical_altar_island
D:4:      minmay_thinvault, layout_loops_ring, serial_co_window_serial,
          co_window_of_opportunity_a, co_window_of_opportunity_a,
          co_window_paths_a, co_window_cross_1, co_window_cross_1,
          co_window_paths_c, co_window_broadway_a, co_window_broadway_a,
          co_window_broadway_c, glass_columns_b, glass_columns_a, first_ration,
          minmay_box_of_dots, uniq_natasha, uniq_edmund, uniq_pikel,
          uniq_eustachio, uniq_duvessa

Action                   |  1- 3 |  4- 6 || total
-------------------------+-------+-------++-------
Melee: Spear             |    90 |    70 ||   160
  Use: Potion            |       |     1 ||     1
  Eat: Ration            |       |     1 ||     1
Armor: Animal skin       |     3 |       ||     3
       Ring mail         |    26 |    17 ||    43
Dodge: Dodged            |    49 |    48 ||    97

Table legend:
 A = Non-vault XP
 B = Vault XP
 C = Vault XP percentage of total XP
 D = Non-vault monster count
 E = Vault monster count
 F = Vault count percentage of total count
                 A         B        C        D         E       F
            +---------+---------+-------+---------+---------+-------
      Total |     102 |       3 |   2.9 |      39 |       2 |   4.9
            +---------+---------+-------+---------+---------+-------
        D:1 |      19 |       3 |  13.6 |      12 |       2 |  14.3
        D:2 |      64 |       0 |   0.0 |      17 |       0 |   0.0
        D:3 |      19 |       0 |   0.0 |      10 |       0 |   0.0
            +---------+---------+-------+---------+---------+-------
